 Dungeon Crawl Stone Soup version 0.28-a0-828-g0121872642 (webtiles) character file.

Game seed: 5102480862547471079

1767 oldriver the Magician (level 9, -2/56 HPs)
             Began as a Djinni Fire Elementalist on Nov 11, 2021.
             Was a Follower of Hepliaklqana.
             Shot with a bolt by an orc (7 damage)
             ... in a bailey.
             The game lasted 00:18:08 (10351 turns).

oldriver the Magician (Djinni Fire Elementalist)   Turns: 10351, Time: 00:18:38

Health: -2/56      AC:  2    Str:  7    XL:     9   Next: 28%
Gold:   316        EV: 13    Int: 20    God:    Hepliaklqana [*.....] SH:  0 Dex: 14

rFire   + + .      SeeInvis .   f - +0 dagger (speed)
rCold   x . .      Faith    +   (no shield)
rNeg    . . .      Spirit   .   a - +0 robe
rPois   ∞          Reflect  .   (no helmet)
rElec   .          Harm     .   j - scarf {repulsion}
rCorr   .          Rampage  .   (no gloves)
Will    +....                   (boots unavailable)
Stlth   ++........              t - amulet of faith
HPRegen 0.18/turn               n - ring of willpower
MPRegen 0.00/turn               (no ring)

@: flying, repel missiles
A: reduced essence, sickness immunity, fire resistance 2, cold vulnerability 1,
float, innate caster, hp casting, extra vitality 1
a: Renounce Religion, Recall Ancestor, Ancestor Identity


You were in a bailey.
You worshipped Hepliaklqana.
Hepliaklqana was aware of your devotion.
You visited 2 branches of the dungeon, and saw 8 of its levels.
You also visited: Bailey.

You collected 316 gold pieces.

Inventory:

Hand Weapons
 f - a +0 dagger of speed (weapon)
Missiles
 c - a throwing net
Armour
 a - a +0 robe (worn)
 j - a scarf of repulsion (worn)
Magical Staves
 g - a staff of poison
Jewellery
 n - a ring of willpower (left hand)
 t - an amulet of faith (around neck)
Wands
 h - a wand of iceblast (10)
 s - a wand of flame (42)
Scrolls
 b - 3 scrolls of teleportation {unknown}
 d - 3 scrolls of silence
 e - a scroll of holy word
 i - 5 scrolls of identify
 o - a scroll of summoning
 r - 2 scrolls of blinking {unknown}
 v - a scroll of vulnerability {unknown}
Potions
 k - 2 potions of attraction
 p - a potion of haste
 q - a potion of berserk rage


   Skills:
 * Level 4.6 Fighting
 + Level 2.9 Dodging
 + Level 3.1 Stealth
 + Level 7.8 Spellcasting


You had one spell level left.
You knew the following spells:

 Your Spells              Type           Power      Damage    Failure   Level
a - Foxfire               Conj/Fire      100%       2x1d9     1%          1
b - Scorch                Fire           78%        2d8       1%          2
c - Conjure Flame         Conj/Fire      39%        6-21      1%          3
d - Inner Flame           Hex/Fire       39%        N/A       1%          3
e - Flame Wave            Conj/Fire      39%        3d8       3%          4
f - Beastly Appendage     Tmut           78%        N/A       1%          1
g - Poisonous Vapours     Pois/Air       78%        N/A       1%          2
h - Call Canine Familiar  Summ           39%        N/A       1%          3
i - Swiftness             Air            39%        N/A       1%          3
Your spell library was empty.

Dungeon Overview and Level Annotations

Branches:
Dungeon (7/15)             Temple (1/1) D:6          Bailey (1/1)

Altars:
Cheibriados
Dithmenos
Elyvilon
Fedhas
Gozag
Hepliaklqana
Kikubaaqudgha
Nemelex Xobeh
Okawaru
Qazlal
Ru
Trog
Uskayaw
Vehumet
Wu Jian
Xom
Yredelemnul
Zin
The Shining One

Shops:
D:4 *


Innate Abilities, Weirdness & Mutations

Your life essence is reduced to manifest your ancestor. (-10% HP)
You are immune to sickness and miasma.
You are immune to poison.
Your flesh is very heat resistant. (rF++)
You are vulnerable to cold. (rC-)
You float through the air rather than walking.
You learn spells naturally, not from books.
Your magical power is your life essence.
You have superior vitality. (+4 HP)


Message History

* * * LOW HITPOINT WARNING * * *
Ku-aya hits the orc warrior.
The orc warrior dies!
The bolt hits Ku-aya!
You start resting.
A bolt appears from out of your range of vision.
The bolt barely misses Ku-aya.
You start resting.
A bolt appears from out of your range of vision.
The bolt hits Ku-aya!!
Ku-aya is destroyed!
Really fly into that permanent teleport trap?
Okay, then.
Items here: ( ))) [[[ ÷÷÷.
You start resting.
An orc comes into view. It is wielding a +0 arbalest.
The orc shouts!
The orc shoots a bolt.
The bolt hits you but does no damage.
Your hound disappears in a puff of smoke!
You start resting.
An orc is nearby!
An orc comes into view. It is wielding a +0 arbalest.
Ku-aya emerges from the mists of memory!
Casting: Call Canine Familiar (safe; 1% risk of failure)
Confirm with . or Enter, or press ? or * to list all spells.
* * * LOW HITPOINT WARNING * * *
The orc shoots a bolt.
The bolt barely misses Ku-aya.
The bolt closely misses you.
Unknown command.
Okay, then.
It was a potion of cancellation.
You feel magically purged.
The orc shoots a bolt.
The bolt barely misses you.
Casting: Call Canine Familiar (safe; 1% risk of failure)
Confirm with . or Enter, or press ? or * to list all spells.
You conjure some foxfire!
* * * LOW HITPOINT WARNING * * *
The orc shouts!
You hear a shout!
The orc shoots a bolt.
The bolt closely misses you.
The orc shoots a bolt.
The bolt hits you!
You die...

#≈......#
o≈......#
#≈......#
#≈≈......#
≈≈≈.......#
..........#
..........#
.......Rv@#
........v.#
..........#
.......h..#
#.............#
##.............#
#..............#
##...........o..#
##...............#


You could see the friendly Ku-aya the ancestor, 2 orcs and a friendly hound
(summoned).

Vanquished Creatures
  A water moccasin (D:5)
  An orc warrior (Bailey)
  2 ogres (D:6)
  An ice beast (D:7)
  A sky beast (D:6)
  A centaur (D:4)
  A kobold brigand (D:7)
  A bullfrog (D:3)
  2 scorpions
  A water moccasin skeleton (D:5)
  2 killer bees (D:6)
  2 hounds
  2 orc priests
  2 centaur zombies
  2 orc wizards (D:6)
  Robin (D:3)
  9 gnolls
  9 adders
  A shadow imp (D:6)
  3 white imps
  3 worms
  3 dart slugs
  27 orcs
  5 ball pythons
  8 bats
  4 endoplasms
  3 giant cockroaches
  11 goblins
  11 hobgoblins
  16 kobolds
  10 quokkas
  5 rats
151 creatures vanquished.

Vanquished Creatures (collateral kills)
  An orc warrior (Bailey)
  An orc priest (D:7)
  A gnoll (D:5)
  A white imp (D:6)
  A goblin (D:4)
  A kobold (D:7)
  13 foxfires (D:3)
19 creatures vanquished.

Vanquished Creatures (others)
  2 ancestors
  734 foxfires
  29 plants (D:3)
765 creatures vanquished.

Grand Total: 935 creatures vanquished

Notes
Turn   | Place    | Note
-------+----------+-------------------------------------------
     0 | D:1      | oldriver the Djinni Fire Elementalist began the quest for
                  | the Orb.
     0 | D:1      | Reached XP level 1. HP: 15/15 MP: 0/0
   175 | D:1      | Reached XP level 2. HP: 12/22 MP: 0/0
   836 | D:1      | Found a faded altar of an unknown god.
   836 | D:1      | Noticed a golden eye
   896 | D:1      | Noticed an eye of devastation
   901 | D:1      | Noticed a great orb of eyes
   901 | D:1      | Noticed a great orb of eyes
   972 | D:1      | Reached XP level 3. HP: 24/26 MP: 0/0
   972 | D:1      | Learned a level 1 spell: Beastly Appendage
  1159 | D:1      | Reached skill level 3 in Spellcasting
  1496 | D:1      | Reached skill level 1 in Fighting
  1636 | D:2      | Reached XP level 4. HP: 21/32 MP: 0/0
  3089 | D:3      | Noticed Robin
  3089 | D:3      | Noticed a scorpion
  3109 | D:3      | Reached XP level 5. HP: 24/37 MP: 0/0
  3109 | D:3      | Learned a level 2 spell: Poisonous Vapours
  3181 | D:3      | Killed Robin
  3311 | D:3      | Reached skill level 4 in Spellcasting
  3828 | D:3      | Reached XP level 6. HP: 34/43 MP: 0/0
  5130 | D:4      | Found a basalt altar of Yredelemnul.
  5260 | D:4      | Found a white marble altar of Elyvilon.
  5942 | D:4      | Found Saqiq's Gadget Gallery.
  6512 | D:3      | Reached skill level 5 in Spellcasting
  6512 | D:3      | Reached XP level 7. HP: 34/49 MP: 0/0
  6512 | D:3      | Learned a level 3 spell: Call Canine Familiar
  7318 | D:5      | Entered Level 5 of the Dungeon
  7691 | D:5      | Noticed a water moccasin
  7698 | D:5      | Killed a water moccasin
  7699 | D:5      | Reached XP level 8. HP: 47/56 MP: 0/0
  8051 | D:5      | Reached skill level 6 in Spellcasting
  8298 | D:6      | Found a staircase to the Ecumenical Temple.
  8314 | Temple   | Entered the Ecumenical Temple
  8535 | Temple   | Became a worshipper of Hepliaklqana the Forgotten
  9220 | D:6      | Found an opulent altar of Gozag.
  9767 | D:7      | Reached skill level 7 in Spellcasting
  9794 | D:7      | Reached XP level 9. HP: 38/62 MP: 0/0
  9794 | D:7      | Learned a level 3 spell: Swiftness
  9817 | D:7      | Reached * piety under Hepliaklqana
  9841 | D:6      | HP: 2/55 [killer bee (7)]
  9898 | D:7      | Found a flagged portal.
  9912 | Bailey   | Entered a bailey
 10306 | Bailey   | HP: 1/56 [orc warrior/bolt (20)]
 10351 | Bailey   | Shot with a bolt by an orc

Illustrated notes

Levels and vault maps discovered:
D:1:      psy_arrival_basics, layout_rooms,
          hellmonk_ecumenical_altar_watching_god
D:2:      minmay_door_path, layout_loops_ring
D:3:      wad_woods_stonehenge, layout_rooms, serial_corexii_hall,
          corexii_hall_statues_t, chequers_hall_statues_y,
          corexii_hall_statues_deadend, chequers_hall_statues_y,
          chequers_hall_statues_y, chequers_hall_statues_y, uniq_robin
D:4:      layout_loops_corners, kennysheep_ying_yang, nicolae_shop_gadgets
D:5:      layout_rooms
D:6:      layout_rooms, grunt_gozag_statues, minmay_temple_entry_butterflies
D:7:      layout_cave_pools, grunt_ashenzari_visionary
          [grunt_ashenzari_visionary_swamp, grunt_ashenzari_visionary_spider],
          enter_bailey_2, gammafunk_ghost_nasty_kobolds, hex_medium
Temple:   eino_temple_scatter_basement
Bailey:   bailey_polearm_2, bailey

Skill      XL: |  1  2  3  4  5  6  7  8 |
---------------+-------------------------+-----
Spellcasting   | 3 4 5 7 |  7.8
Fighting       | 1 2 3 4 |  4.6
Stealth        | 2 3 |  3.1
Dodging        | |  2.9

Action                   |  1- 3 |  4- 6 |  7- 9 || total
-------------------------+-------+-------+-------++-------
Melee: Unarmed           |     3 |     1 |       ||     4
       Dagger            |       |       |     2 ||     2
 Cast: Foxfire           |    87 |   223 |   164 ||   474
       Scorch            |     2 |    21 |    30 ||    53
       Call Canine Famil |       |       |    26 ||    26
       Conjure Flame     |       |       |     3 ||     3
       Swiftness         |       |       |     1 ||     1
  Use: Potion            |       |     7 |     4 ||    11
       Scroll            |       |     1 |     4 ||     5
Armor: Robe              |     3 |     1 |     3 ||     7
Dodge: Dodged            |     5 |    22 |    32 ||    59

Table legend: (Time is in decaauts)
 A = Elapsed time spent in this place.
 B = Non-inter-level travel time spent in this place.
 C = Inter-level travel time spent in this place.
 D = Time resting spent in this place.
 E = Time spent auto-exploring this place.
 F = Levels seen in this place.
 G = Mean time per level.
                   A        B        C        D        E       F      G
               +--------+--------+--------+--------+--------+-----+--------+
         Total |  10347 |   9936 |    411 |   2575 |   6087 |   9 | 1149.7 |
       Dungeon |   9672 |   9312 |    360 |   2328 |   5837 |   7 | 1381.7 |
        Temple |    236 |    185 |     51 |      0 |    145 |   1 |  236.0 |
        Bailey |    438 |    438 |      0 |    247 |    105 |   1 |  438.0 |
               +--------+--------+--------+--------+--------+-----+--------+

Top non-repeatable levels by time:
     D:3: 2425 daAuts
     D:4: 1728 daAuts
     D:2: 1591 daAuts
     D:1: 1555 daAuts
     D:6: 1345 daAuts
     D:5: 935 daAuts
  Bailey: 438 daAuts
  Temple: 236 daAuts
     D:7: 91 daAuts
